 Dungeon Sprint DCSS version 0.31-a0-986-g5e6e4ef867 (webtiles) character file.

Game seed: 613241995721182056

259 rocky1 the Martial Artist (level 6, 0/39 HPs)
             Began as an Octopode Shapeshifter on Nov 14, 2023.
             Splashed by a jelly's acid (5 damage)
             ... in the Dungeon (Sprint III: "The Ten Rune Challenge").
             The game lasted 00:01:04 (316 turns).

rocky1 the Martial Artist (Octopode Shapeshifter)    Turns: 316, Time: 00:01:04

Health: 0/39       AC: -7    Str: 12    XL:     6   Next: 17%
Magic:  6/6        EV: 14    Int: 16    God:
Gold:   16         SH:  0    Dex: 13    Spells: 5/5 levels left

rFire   . .          .
                       - Unarmed
rCold   + . .        (no shield)
rNeg    . . .        (helmet currently unavailable)
rPois   +            (no amulet)
rElec   .            (no ring)
rCorr   .            (no ring)
SInv    .            (no ring)
Will    .....        (no ring)
Stlth   ++++         (no ring)
HPRegen 0.26/turn    (no ring)
MPRegen 0.10/turn    (no ring)
                     (no ring)

%: no teleportation, clarity
@: beast-form, corroded
A: beast (slay +4), almost no armour, amphibious, 8 rings, camouflage 1,
gelatinous body 1, (nimble swimmer 1), tentacles, clarity, clever 1, cold
resistance 1, poison resistance
a: Begin Untransformation


You were in the Dungeon.
You were a hulking beast.
You visited 1 branch You collected 16 gold pieces.

Inventory:

Talismans
 b - a beast talisman
 c - a flux talisman
Scrolls
 i - a scroll of blinking
 j - a scroll of torment {unknown}
 k - 4 scrolls of identify
 m - a scroll of immolation {unknown}
Potions
 d - a potion of curing
 e - 3 potions of mutation
 f - a potion of haste
 g - 2 potions of magic
 h - a potion of berserk rage
 l - 3 potions of enlightenment


   Skills:
 + Level 2.0 Fighting
 + Level 4.3 Dodging
 + Level 4.2 Stealth
 + Level 8.4 Unarmed Combat
 + Level 7.8 Shapeshifting


You had 5 spell levels left.
You didn't know any spells.
Your spell library was empty.

Dungeon Overview and Level Annotations

Branches:
Dungeon (1/1)

Altars:


Innate Abilities, Weirdness & Mutations

You are a hulking beast.
Your limbs bulge with bestial killing power. (Slay +4)
You cannot wear most types of armour.
You are amphibious.
You can wear up to eight rings at the same time.
Your skin changes colour to match your surroundings (Stealth+).
Your rubbery body absorbs attacks. (AC +1, EV +1)
((You are camouflaged when in or above water. (Stealth+)))
You have tentacles for arms and can constrict up to eight enemies at once.
You possess an exceptional clarity of mind.
Your mind is acute. (Int +4, Str/Dex -1)
Your flesh is cold resistant. (rC+)
Your system is resistant to poisons. (rPois)


Message History

A shadow comes into view.
There is an open door here.
The helpless shadow fails to defend itself.
You tentacle-slap the shadow.
The shadow is moderately damaged.
You tentacle-slap the shadow.
You tentacle-slap the shadow, but do no damage.
You squeeze the shadow, but do no damage.
The shadow is moderately damaged.
The jelly quivers.
The shadow misses you.
You tentacle-slap the shadow. You squeeze the shadow.
The shadow is severely damaged.
The shadow hits you.
You tentacle-slap the shadow but do no damage.
Your squeeze misses the shadow.
The shadow is severely damaged.
The shadow completely misses you.
You tentacle-slap the shadow.
You squeeze the shadow, but do no damage.
The shadow is severely damaged.
The jelly hits you.
You are splashed with acid!
The shadow hits you!
* * * LOW HITPOINT WARNING * * *
You tentacle-slap the shadow. You squeeze the shadow.
You destroy the shadow!
The jelly barely misses you.
Your Fighting skill increases to level 2!
Your Dodging skill increases to level 4!
Your Stealth skill gained 2 levels and is now at level 4!
Your Unarmed Combat skill gained 2 levels and is now at level 8!
Your Shapeshifting skill increases to level 7!
You have reached level 5!
You feel agile.
You have reached level 6!
You tentacle-slap the jelly. The acid corrodes you!
Your tentacles burn!
* * * LOW HITPOINT WARNING * * *
The jelly is moderately wounded.
The jelly barely misses you.
You tentacle-slap the jelly. The acid corrodes you!
Your tentacles burn!
You die...

▓▓▓ # ##.# #####..#
.#..#..#
†#..#..###+#+###+##
.##'#..#..........#
.###...'.⌠........#
####...#...######'#
###....#.⌠.# #.h.#
##.....#...# #.J.#
#......#+### #...#
.#.....# #...+
###....# +...#
▓▓▓▓▓▓ ▓▓▓▓▓


You could see a jelly.

Vanquished Creatures
  A shadow (D)
  A water elemental (D)
  Jessica (D)
  A human (D)
  A phantom (D)
  3 rats (D)
8 creatures vanquished.

Notes
Turn   | Place    | Note
-------+----------+-------------------------------------------
     0 | D        | rocky1 the Octopode Shapeshifter began the quest for the
                  | Orb.
     0 | D        | Reached XP level 1. HP: 13/13 MP: 1/1
    27 | D        | Noticed Jessica
    32 | D        | Killed Jessica
    33 | D        | Reached skill level 1 in Stealth
    33 | D        | Reached skill level 4 in Unarmed Combat
    33 | D        | Reached XP level 2. HP: 12/18 MP: 2/2
    33 | D        | Reached XP level 3. HP: 16/23 MP: 3/3
    49 | D        | Reached skill level 5 in Unarmed Combat
    49 | D        | Reached skill level 5 in Shapeshifting
    89 | D        | Gained mutation: You are agile. (Dex +4, Str/Int -1)
                  | [potion of mutation]
    90 | D        | Lost mutation: You are agile. (Dex +4, Str/Int -1) [potion
                  | of mutation]
    90 | D        | Gained mutation: You possess an exceptional clarity of
                  | mind. [potion of mutation]
    90 | D        | Gained mutation: You are frail. (-10% HP) [potion of
                  | mutation]
    91 | D        | Lost mutation: You are frail. (-10% HP) [potion of
                  | mutation]
    91 | D        | Lost mutation: You possess an exceptional clarity of mind.
                  | [potion of mutation]
    91 | D        | Gained mutation: Your flesh is cold resistant. (rC+)
                  | [potion of mutation]
    91 | D        | Gained mutation: Your system is resistant to poisons.
                  | (rPois) [potion of mutation]
    91 | D        | Gained mutation: Your mind is acute. (Int +4, Str/Dex -1)
                  | [potion of mutation]
    91 | D        | Gained mutation: You possess an exceptional clarity of
                  | mind. [potion of mutation]
   106 | D        | Noticed a water elemental
   112 | D        | Killed a water elemental
   113 | D        | Reached skill level 6 in Unarmed Combat
   113 | D        | Reached XP level 4. HP: 14/28 MP: 4/4
   307 | D        | Noticed a shadow
   314 | D        | Killed a shadow
   315 | D        | Reached skill level 8 in Unarmed Combat
   315 | D        | Reached XP level 5. HP: 5/34 MP: 5/5
   315 | D        | Reached XP level 6. HP: 6/39 MP: 6/6
   316 | D        | Splashed by a jelly's acid

Illustrated notes

Levels and vault maps discovered:
D:        dungeon_sprint_mu [sprint_mu_entry_cave, sprint_mu_temple_rooms,
          sprint_mu_d1_horrors, sprint_mu_d2_genie, sprint_mu_d3_branching,
          sprint_mu_orc_legion, sprint_mu_elf_gauntlet, sprint_mu_hive_nellie,
          sprint_mu_lair_fedhas, sprint_mu_vaults_butterflies,
          sprint_mu_slime_circle, sprint_mu_swamp_cave, sprint_mu_snake_twists,
          sprint_mu_blade_basic, sprint_mu_crypt_fortress,
          sprint_mu_tomb_spiral, sprint_mu_vestibule_basic,
          sprint_mu_gehenna_hellfire, sprint_mu_dis_giant,
          sprint_mu_tartarus_statrot, sprint_mu_cocytus_islands, sprint_mu_zot1]

Skill      XL: |  1  2  3  4 |
---------------+-------------+-----
Stealth        | 1 2 4 |  4.2
Unarmed Combat | 4 6 8 |  8.4
Shapeshifting  | 4 6 7 |  7.8
Dodging        | 3 4 |  4.3
Fighting       | 2 |  2.0

Action                     |  1- 3 |  4- 6 || total
---------------------------+-------+-------++-------
  Melee: Unarmed           |    22 |     8 ||    30
         Tentacles         |     5 |     4 ||     9
         Constrict         |     2 |       ||     2
         Punch             |     1 |     1 ||     2
    Use: Potion            |     5 |       ||     5
   Stab: Sleeping          |     2 |     1 ||     3
 Armour: Skin              |     6 |     3 ||     9
  Dodge: Dodged            |     8 |     4 ||    12

Table legend: (Time is in decaauts)
 A = Elapsed time spent in this place.
 B = Non-inter-level travel time spent in this place.
 C = Inter-level travel time spent in this place.
 D = Time resting spent in this place.
 E = Time spent auto-exploring this place.
 F = Levels seen in this place.
 G = Mean time per level.
                   A        B        C        D        E       F      G
               +--------+--------+--------+--------+--------+-----+--------+
         Total |    313 |    313 |      0 |    206 |     14 |   1 |  313.0 |
       Dungeon |    313 |    313 |      0 |    206 |     14 |   1 |  313.0 |
               +--------+--------+--------+--------+--------+-----+--------+

Top non-repeatable levels by time:
       D: 313 daAuts
